General information
			
			
        
        - name: BNet
 
        - type: Ladder team game (AT/RT)
 
        - host: Battle.net
 
        - saver: Ze.Rath3isaFaig
 
        
map: Friends 
        - players: 8
 
        - length: 19:28
 
        - speed: Fast
 - version: 1.22 W3XP
 - replay type:  Public
 
» download(198 KB)
Players
        team 1 (loser) 
              
              
IlikepromoDjs. (
teal | 86 APM | 1666 actions | 19:16)
              
 3 Death Knight 
 1 Death Coil
 2 Unholy Aura
 
                » actions 
                
                | Assign group hotkey | 54 |  | 
| Basic commands | 67 |  | 
| Build / train | 79 |  | 
| Enter build submenu | 16 |  | 
| Enter hero's abilities submenu | 4 |  | 
| Remove unit from queue | 4 |  | 
| Right click | 826 |  | 
| Select / deselect | 282 |  | 
| Select group hotkey | 275 |  | 
| Use ability | 59 |  | 
                1666 total
 » units 
                
                | Acolyte | 6 |  | 
| Ghoul | 21 |  | 
| Gargoyle | 12 |  | 
| Meatwagon | 11 |  | 
| Obsidian Statue | -1 |  | 
| Necromancer | 5 |  | 
| Forest Troll Berserker | 2 |  | 
                56 total
 » upgrades
                » buildings
                
                | Crypt | 2 |  | 
| Ziggurat | 6 |  | 
| Altar of Darkness | 1 |  | 
| Tomb of Relics | 1 |  | 
| Halls of the Dead | 2 |  | 
| Nerubian Tower | 2 |  | 
| Graveyard | 1 |  | 
| Slaughterhouse | 3 |  | 
| Temple of the Damned | 1 |  | 
                19 total
 » build order
                00:14 Crypt
00:16 Ziggurat
00:37 Altar of Darkness
00:56 Tomb of Relics
01:49 Crypt
02:10 Ziggurat
04:32 Halls of the Dead
04:32 Halls of the Dead
04:41 Nerubian Tower
04:41 Nerubian Tower
06:05 Ziggurat
07:03 Graveyard
08:29 Slaughterhouse
08:31 Slaughterhouse
11:08 Slaughterhouse
11:42 Ziggurat
12:41 Temple of the Damned
13:38 Ziggurat
15:42 Ziggurat
» items
                
                | Rod of Necromancy | 4 |  | 
| Dust of Appearance | 1 |  | 
                5 total
  
               
              
              
Peixao (
red | 151 APM | 2907 actions | 19:18)
              
 4 Death Knight 
 2 Death Coil
 2 Unholy Aura
 
                » actions 
                
                | Assign group hotkey | 112 |  | 
| Basic commands | 232 |  | 
| Build / train | 54 |  | 
| ESC pressed | 2 |  | 
| Enter build submenu | 13 |  | 
| Enter hero's abilities submenu | 5 |  | 
| Right click | 1068 |  | 
| Select / deselect | 361 |  | 
| Select group hotkey | 977 |  | 
| Use ability | 83 |  | 
                2907 total
 » units 
                
                | Acolyte | 3 |  | 
| Ghoul | 2 |  | 
| Crypt Fiend | 9 |  | 
| Gargoyle | 14 |  | 
| Necromancer | 8 |  | 
                36 total
 » upgrades
                
                | Web | 1 |  | 
| Burrow | 1 |  | 
| Skeletal Mastery | 1 |  | 
                3 total
 » buildings
                
                | Graveyard | 1 |  | 
| Crypt | 2 |  | 
| Altar of Darkness | 1 |  | 
| Ziggurat | 5 |  | 
| Tomb of Relics | 1 |  | 
| Nerubian Tower | 1 |  | 
| Halls of the Dead | 1 |  | 
| Temple of the Damned | 1 |  | 
| Black Citadel | 1 |  | 
                14 total
 » build order
                00:13 Graveyard
00:21 Crypt
00:50 Altar of Darkness
01:04 Ziggurat
01:53 Tomb of Relics
02:04 Ziggurat
02:34 Nerubian Tower
04:26 Ziggurat
04:52 Halls of the Dead
06:53 Crypt
08:34 Ziggurat
09:58 Temple of the Damned
10:02 Ziggurat
11:34 Black Citadel
» items
                
                | Rod of Necromancy | 3 |  | 
| Potion of Healing | 3 |  | 
| Scroll of Town Portal | 1 |  | 
                7 total
  
               
              
              
» 
aE.GatoRade. (
orange | 63 APM | 1232 actions | 19:25)
              
 4 Death Knight 
 2 Death Coil
 2 Unholy Aura
 2 Crypt Lord 
 1 Impale
 1 Spiked Carapace
 1 Lich 
 1 Frost Nova
 
                » actions 
                
                | Assign group hotkey | 7 |  | 
| Build / train | 47 |  | 
| ESC pressed | 5 |  | 
| Enter build submenu | 15 |  | 
| Enter hero's abilities submenu | 7 |  | 
| Give item / drop item | 1 |  | 
| Right click | 822 |  | 
| Select / deselect | 224 |  | 
| Select group hotkey | 34 |  | 
| Use ability | 70 |  | 
                1232 total
 » units 
                
                | Acolyte | 2 |  | 
| Ghoul | 2 |  | 
| Crypt Fiend | 17 |  | 
| Frost Wyrm | 3 |  | 
                24 total
 » upgrades
                » buildings
                
                | Graveyard | 1 |  | 
| Crypt | 1 |  | 
| Ziggurat | 6 |  | 
| Altar of Darkness | 1 |  | 
| Nerubian Tower | 1 |  | 
| Tomb of Relics | 1 |  | 
| Spirit Tower | 1 |  | 
| Halls of the Dead | 1 |  | 
| Black Citadel | 1 |  | 
| Sacrificial Pit | 1 |  | 
| Boneyard | 1 |  | 
| Slaughterhouse | 1 |  | 
                17 total
 » build order
                00:09 Graveyard
00:20 Crypt
00:41 Ziggurat
01:00 Altar of Darkness
01:14 Ziggurat
01:37 Nerubian Tower
01:50 Tomb of Relics
03:03 Ziggurat
04:05 Spirit Tower
04:48 Halls of the Dead
06:54 Ziggurat
10:20 Black Citadel
12:04 Sacrificial Pit
12:05 Ziggurat
13:04 Boneyard
13:58 Ziggurat
14:04 Slaughterhouse
» items
                
                | Rod of Necromancy | 2 |  | 
| Dust of Appearance | 1 |  | 
| Orb of Corruption | 1 |  | 
| Potion of Healing | 2 |  | 
| Potion of Mana | 1 |  | 
                7 total
  
               
              
              
» 
Prometheus_ (
purple | 76 APM | 1464 actions | 19:20)
              
 4 Paladin 
 2 Holy Light
 2 Devotion Aura
 2 Mountain King 
 1 Storm Bolt
 1 Bash
 
                » actions 
                
                | Assign group hotkey | 24 |  | 
| Basic commands | 178 |  | 
| Build / train | 59 |  | 
| Enter build submenu | 22 |  | 
| Enter hero's abilities submenu | 7 |  | 
| Give item / drop item | 1 |  | 
| Right click | 599 |  | 
| Select / deselect | 202 |  | 
| Select group hotkey | 299 |  | 
| Use ability | 73 |  | 
                1464 total
 » units 
                
                | Peasant | 8 |  | 
| Footman | 12 |  | 
| Knight | 10 |  | 
                30 total
 » upgrades
                
                | Defend | 1 |  | 
| Swords | 2 |  | 
| Plating | 2 |  | 
| Animal War Training | 1 |  | 
                6 total
 » buildings
                
                | Barracks | 2 |  | 
| Altar of Kings | 1 |  | 
| Farm | 10 |  | 
| Lumber Mill | 1 |  | 
| Scout Tower | 2 |  | 
| Arcane Vault | 2 |  | 
| Arcane Tower | 1 |  | 
| Blacksmith | 1 |  | 
| Guard Tower | 2 |  | 
| Keep | 1 |  | 
| Castle | 1 |  | 
                24 total
 » build order
                00:12 Barracks
00:15 Altar of Kings
00:19 Farm
00:47 Lumber Mill
01:22 Farm
01:55 Farm
02:15 Scout Tower
02:41 Arcane Vault
02:47 Arcane Vault
02:52 Arcane Tower
03:31 Scout Tower
03:56 Blacksmith
04:03 Guard Tower
04:04 Guard Tower
04:14 Farm
05:00 Keep
06:45 Farm
07:21 Castle
08:19 Barracks
09:29 Farm
10:08 Farm
10:39 Farm
13:54 Farm
16:07 Farm
» items
                
                | Scroll of Regeneration | 4 |  | 
| Lesser Clarity Potion | 3 |  | 
| Scroll of Town Portal | 1 |  | 
| Potion of Healing | 2 |  | 
                10 total
  
               team 2 (winner) 
              
              
Ze.Rath3isaFaig (
green | 92 APM | 1801 actions | 19:28)
              
 8 Death Knight 
 3 Death Coil
 3 Unholy Aura
 1 Animate Dead
 1 Death Pact
 
                » actions 
                
                | Assign group hotkey | 25 |  | 
| Basic commands | 458 |  | 
| Build / train | 47 |  | 
| ESC pressed | 1 |  | 
| Enter build submenu | 19 |  | 
| Enter hero's abilities submenu | 8 |  | 
| Right click | 587 |  | 
| Select / deselect | 289 |  | 
| Select group hotkey | 295 |  | 
| Use ability | 72 |  | 
                1801 total
 » units 
                
                | Acolyte | 2 |  | 
| Ghoul | 2 |  | 
| Crypt Fiend | 11 |  | 
| Frost Wyrm | 5 |  | 
                20 total
 » upgrades
                
                | Creature Attack | 1 |  | 
| Web | 1 |  | 
| Creature Carapace | 1 |  | 
                3 total
 » buildings
                
                | Crypt | 1 |  | 
| Graveyard | 1 |  | 
| Altar of Darkness | 1 |  | 
| Ziggurat | 6 |  | 
| Tomb of Relics | 1 |  | 
| Halls of the Dead | 2 |  | 
| Black Citadel | 1 |  | 
| Sacrificial Pit | 1 |  | 
| Boneyard | 2 |  | 
                16 total
 » build order
                00:07 Crypt
00:10 Graveyard
00:41 Altar of Darkness
01:22 Ziggurat
01:46 Ziggurat
01:53 Tomb of Relics
04:05 Halls of the Dead
04:05 Halls of the Dead
04:42 Ziggurat
04:48 Ziggurat
06:43 Black Citadel
06:45 Sacrificial Pit
09:20 Boneyard
09:21 Boneyard
14:30 Ziggurat
14:31 Ziggurat
» items
                
                | Rod of Necromancy | 3 |  | 
| Scroll of Town Portal | 2 |  | 
| Scroll of Healing | 1 |  | 
| Potion of Healing | 2 |  | 
| Scroll of Speed | 2 |  | 
                10 total
  
               
              
              
theGIZMOstopCOM (
pink | 86 APM | 1678 actions | 19:26)
              
 6 Blademaster 
 3 Wind Walk
 2 Critical Strike
 1 Bladestorm
 
                » actions 
                
                | Assign group hotkey | 46 |  | 
| Basic commands | 69 |  | 
| Build / train | 57 |  | 
| ESC pressed | 1 |  | 
| Enter build submenu | 16 |  | 
| Enter hero's abilities submenu | 6 |  | 
| Right click | 902 |  | 
| Select / deselect | 218 |  | 
| Select group hotkey | 281 |  | 
| Use ability | 82 |  | 
                1678 total
 » units 
                
                | Peon | 9 |  | 
| Wind Rider | 12 |  | 
| Shaman | 7 |  | 
| Kodo Beast | 1 |  | 
                29 total
 » upgrades
                
                | Ranged Weapons | 2 |  | 
| Armor | 2 |  | 
| Shaman Training | 2 |  | 
| Envenomed Spears | 1 |  | 
| War Drums Damage Increase | 1 |  | 
                8 total
 » buildings
                
                | War Mill | 1 |  | 
| Altar of Storms | 1 |  | 
| Orc Burrow | 9 |  | 
| Stronghold | 3 |  | 
| Voodoo Lounge | 2 |  | 
| Beastiary | 2 |  | 
| Fortress | 1 |  | 
| Spirit Lodge | 2 |  | 
                21 total
 » build order
                00:09 War Mill
00:36 Altar of Storms
00:51 Orc Burrow
02:13 Stronghold
02:14 Stronghold
02:43 Voodoo Lounge
03:28 Orc Burrow
03:30 Orc Burrow
03:31 Orc Burrow
04:40 Beastiary
04:42 Beastiary
07:00 Orc Burrow
07:01 Orc Burrow
07:02 Orc Burrow
07:43 Orc Burrow
09:01 Fortress
09:39 Spirit Lodge
14:12 Spirit Lodge
15:31 Voodoo Lounge
16:15 Orc Burrow
» items
                
                | Healing Salve | 3 |  | 
| Lesser Clarity Potion | 1 |  | 
| Potion of Healing | 1 |  | 
                5 total
  
               
              
              
SonOfHeaven (
yellow | 56 APM | 1080 actions | 19:26)
              
 5 Archmage 
 3 Blizzard
 2 Brilliance Aura
 
                » actions 
                
                | Basic commands | 97 |  | 
| Build / train | 49 |  | 
| Enter build submenu | 20 |  | 
| Enter hero's abilities submenu | 5 |  | 
| Right click | 454 |  | 
| Select / deselect | 410 |  | 
| Use ability | 44 |  | 
                1080 total
 » units 
                
                | Peasant | 8 |  | 
| Footman | 1 |  | 
| Rifleman | 11 |  | 
| Mortar Team | 7 |  | 
                27 total
 » upgrades
                
                | Gunpowder | 3 |  | 
| Long Rifles | 1 |  | 
| Armor | 3 |  | 
| Fragmentation Shards | 1 |  | 
| Flare | 1 |  | 
                9 total
 » buildings
                
                | Altar of Kings | 1 |  | 
| Farm | 10 |  | 
| Barracks | 2 |  | 
| Blacksmith | 1 |  | 
| Scout Tower | 1 |  | 
| Arcane Tower | 2 |  | 
| Lumber Mill | 1 |  | 
| Keep | 1 |  | 
| Workshop | 2 |  | 
| Castle | 1 |  | 
                22 total
 » build order
                00:23 Altar of Kings
00:37 Farm
00:55 Barracks
01:48 Blacksmith
02:01 Farm
02:07 Scout Tower
02:53 Arcane Tower
02:55 Farm
03:20 Barracks
04:04 Lumber Mill
04:24 Farm
04:48 Keep
05:01 Farm
07:27 Farm
07:57 Workshop
09:36 Farm
10:54 Castle
10:58 Workshop
15:12 Farm
15:55 Farm
17:42 Farm
» items
                 
               
              
              
soGGy.WaFFle (
blue | 87 APM | 1690 actions | 19:26)
              
 5 Priestess of the Moon 
 2 Searing Arrows
 3 Trueshot Aura
 
                » actions 
                
                | Assign group hotkey | 120 |  | 
| Basic commands | 60 |  | 
| Build / train | 58 |  | 
| ESC pressed | 9 |  | 
| Enter build submenu | 16 |  | 
| Enter hero's abilities submenu | 6 |  | 
| Remove unit from queue | 1 |  | 
| Right click | 997 |  | 
| Select / deselect | 196 |  | 
| Select group hotkey | 137 |  | 
| Use ability | 90 |  | 
                1690 total
 » units 
                
                | Wisp | 24 |  | 
| Huntress | 6 |  | 
| Archer | 4 |  | 
| Glaive Thrower | 1 |  | 
| Dryad | 5 |  | 
                40 total
 » upgrades
                
                | Moon Armor | 1 |  | 
| Strength of the Wild | 2 |  | 
| Reinforced Hides | 1 |  | 
| Abolish Magic | 2 |  | 
                6 total
 » buildings
                
                | Altar of Elders | 2 |  | 
| Moon Well | 5 |  | 
| Hunter's Hall | 1 |  | 
| Ancient of War | 2 |  | 
| Ancient of Wonders | 1 |  | 
| Tree of Ages | 2 |  | 
| Ancient of Lore | 2 |  | 
| Ancient Protector | 3 |  | 
                18 total
 » build order
                00:13 Altar of Elders
00:27 Moon Well
01:40 Hunter's Hall
01:49 Ancient of War
02:08 Ancient of War
02:20 Moon Well
02:36 Ancient of Wonders
03:15 Moon Well
05:22 Tree of Ages
07:00 Tree of Ages
09:28 Ancient of Lore
09:30 Ancient of Lore
10:07 Ancient Protector
10:10 Ancient Protector
10:16 Ancient Protector
11:51 Moon Well
12:22 Moon Well
15:35 Altar of Elders
 
                Chat log
          (00:06 / Allies) SonOfHeaven: hey green
(00:12 / Allies) theGIZMOstopCOM: whats good niggas
(00:15 / Allies) Ze.Rath3isaFaig: sup
(00:16 / Allies) theGIZMOstopCOM: want me to do raiders or wyverns
(00:17 / Allies) SonOfHeaven: why are u green every time i play with u
(00:22 / All) soGGy.WaFFle: soggy.waffle realest nigga in the game
(00:23 / Allies) Ze.Rath3isaFaig: because im gay
(00:25 / All) soGGy.WaFFle: most underrated
(00:37 / All) Peixao: shame on him
(00:41 / All) Peixao: proud of beeing black
(00:50 / All) soGGy.WaFFle: white nigga.
(00:56 / All) Peixao: vanilla ice?
(00:57 / All) theGIZMOstopCOM: same thing
(01:14 / All) soGGy.WaFFle: nah not that epic.
(01:17 / All) Peixao: u can listen to hip hop all day u'll still be white when u wake up in the morning
(01:23 / All) SonOfHeaven: lol
(01:33 / All) soGGy.WaFFle: yellow can play wc all day
(01:38 / All) soGGy.WaFFle: i can still beat him the next day.
(01:40 / All) theGIZMOstopCOM: not true look at michael jackson
(01:48 / Allies) Ze.Rath3isaFaig: pink bats?
(01:52 / Allies) theGIZMOstopCOM: naw
(01:54 / Allies) theGIZMOstopCOM: wyverns of raiders
(01:55 / Allies) theGIZMOstopCOM: or
(01:56 / Allies) Ze.Rath3isaFaig: k
(01:56 / Allies) theGIZMOstopCOM: you guys pick
(01:57 / All) aE.GatoRade.: so i like penis
(01:59 / All) aE.GatoRade.: in my mouth
(02:01 / All) aE.GatoRade.: now all of u stfu
(02:01 / All) soGGy.WaFFle: mine.
(02:02 / All) soGGy.WaFFle: <3
(02:02 / Allies) Ze.Rath3isaFaig: up to you, cc then rush soon
(02:07 / Allies) theGIZMOstopCOM: ok
(02:09 / Allies) theGIZMOstopCOM: wyverns
(02:18 / Allies) Ze.Rath3isaFaig: k nice
(02:41 / Allies) Ze.Rath3isaFaig: rofl we rush here at the front
(02:45 / Allies) Ze.Rath3isaFaig: rape his gold mine so easy
(02:52 / Allies) Ze.Rath3isaFaig: probably the worsed build ever on this map
(02:56 / Allies) theGIZMOstopCOM: acolytes
(03:45 / Allies) SonOfHeaven: shit
(03:56 / Allies) Ze.Rath3isaFaig: no ice tower lol
(04:00 / Allies) SonOfHeaven: lol
(04:31 / Allies) Ze.Rath3isaFaig: here enxt yellow
(04:37 / Allies) SonOfHeaven: k
(05:05 / Allies) theGIZMOstopCOM: ugh
(05:05 / Allies) theGIZMOstopCOM: blue
(05:09 / Allies) theGIZMOstopCOM: you cant creep that
(05:12 / Allies) Ze.Rath3isaFaig: careful with that shit lol
(05:14 / Allies) Ze.Rath3isaFaig: it's dangerorus
(05:17 / Allies) theGIZMOstopCOM: yeah
(05:19 / Allies) theGIZMOstopCOM: not with 4 hunts
(05:25 / Allies) Ze.Rath3isaFaig: WE TP 
(05:28 / Allies) Ze.Rath3isaFaig: GET IN THER WE TP
(05:28 / Allies) theGIZMOstopCOM: tp
(05:29 / Allies) theGIZMOstopCOM: now
(05:40 / Allies) SonOfHeaven: tp
(05:42 / Allies) Ze.Rath3isaFaig: goggo
(06:36 / Allies) Ze.Rath3isaFaig: wow
(06:43 / Allies) theGIZMOstopCOM: no web
(07:02 / Allies) Ze.Rath3isaFaig: reapit it
(07:02 / All) aE.GatoRade.: WYV TECH
(07:03 / All) aE.GatoRade.: in 4's
(07:04 / All) aE.GatoRade.: LOLOL
(07:24 / Allies) theGIZMOstopCOM: got some resources?
(07:35 / Allies) theGIZMOstopCOM: ty
(07:36 / Allies) Ze.Rath3isaFaig: fucking creeps go cc it
(07:53 / Allies) Ze.Rath3isaFaig: ff dks
(07:56 / Allies) Ze.Rath3isaFaig: teal dk now
(08:07 / Allies) Ze.Rath3isaFaig: aplly
(08:13 / Allies) SonOfHeaven: pally
(08:14 / Allies) SonOfHeaven: purp
(08:23 / Allies) soGGy.WaFFle: get fiends nigga
(08:28 / Allies) Ze.Rath3isaFaig: b
(08:28 / Allies) Ze.Rath3isaFaig: out
(08:33 / Allies) Ze.Rath3isaFaig: dont hit
(08:35 / Allies) Ze.Rath3isaFaig: keep asmsing for now
(08:37 / Allies) Ze.Rath3isaFaig: come
(08:48 / Allies) Ze.Rath3isaFaig: b
(08:56 / Allies) Ze.Rath3isaFaig: lol ggogo fight
(08:58 / Allies) Ze.Rath3isaFaig: wtf is pink at
(09:00 / Allies) Ze.Rath3isaFaig: cOCM EHRE
(09:14 / Allies) Ze.Rath3isaFaig: OUT
(09:16 / Allies) Ze.Rath3isaFaig: PINK OMFG OUT
(09:24 / Allies) Ze.Rath3isaFaig: massin frost now
(09:35 / Allies) Ze.Rath3isaFaig: get blood lust when you can please
(09:48 / Allies) Ze.Rath3isaFaig: we just defend and coutner when rdy, we got this they are n00bs
(09:57 / Allies) SonOfHeaven: garg
(09:58 / Allies) Ze.Rath3isaFaig: ge tin base
(10:02 / Allies) Ze.Rath3isaFaig: we fight ehre i guess
(10:29 / Allies) Ze.Rath3isaFaig: gogog i' mthere
(11:30 / Allies) Ze.Rath3isaFaig: shit
(11:48 / Allies) theGIZMOstopCOM: use buildings
(11:49 / Allies) theGIZMOstopCOM: and shit
(11:53 / Allies) Ze.Rath3isaFaig: stay insdie base
(11:55 / Allies) Ze.Rath3isaFaig: pink noo
(12:17 / Allies) SonOfHeaven: who has melee
(12:17 / Allies) Ze.Rath3isaFaig: all we need is blood lust
(12:18 / Allies) Ze.Rath3isaFaig: get back
(12:39 / Allies) Ze.Rath3isaFaig: frost coming hagn on
(13:09 / Allies) Ze.Rath3isaFaig: goggo
(13:13 / Allies) SonOfHeaven: dk
(13:20 / Allies) Ze.Rath3isaFaig: lol that's game
(13:35 / Allies) Ze.Rath3isaFaig: wyvns lol
(13:52 / Allies) Ze.Rath3isaFaig: b
(13:53 / Allies) Ze.Rath3isaFaig: stay back
(14:05 / Allies) Ze.Rath3isaFaig: go bats or something else man
(14:12 / Allies) Ze.Rath3isaFaig: blue in the future
(14:17 / Allies) Ze.Rath3isaFaig: build in front of your gold mine not behind it...
(14:21 / Allies) soGGy.WaFFle: i did
(14:26 / Allies) soGGy.WaFFle: all my shit iin front got destroyed
(14:41 / Allies) Ze.Rath3isaFaig: got lust yet?>
(14:44 / Allies) theGIZMOstopCOM: yeah
(14:45 / Allies) Ze.Rath3isaFaig: that will win the game for us if we hav eneough
(14:46 / Allies) theGIZMOstopCOM: just need more shamens
(14:49 / Allies) Ze.Rath3isaFaig: they have no dispell
(14:52 / Allies) SonOfHeaven: i have mort
(15:01 / Allies) Ze.Rath3isaFaig: kepe massin dryads blue
(15:04 / Allies) Ze.Rath3isaFaig: down the fucking buildings
(15:05 / Allies) Ze.Rath3isaFaig: mass up
(15:10 / Allies) Ze.Rath3isaFaig: no time ot move them
(15:11 / Allies) soGGy.WaFFle: niggaaa
(15:12 / Allies) Ze.Rath3isaFaig: down them and mass dryads
(15:13 / Allies) Ze.Rath3isaFaig: lol
(15:14 / Allies) soGGy.WaFFle: im re decorating
(15:25 / Allies) Ze.Rath3isaFaig: need a shop
(15:25 / Allies) SonOfHeaven: need a shop
(15:29 / Allies) Ze.Rath3isaFaig: lol
(15:32 / Allies) Ze.Rath3isaFaig: down them mass up blue wtf
(15:36 / Allies) Ze.Rath3isaFaig: you coul dbe massing
(15:37 / Allies) theGIZMOstopCOM: blue gold me like 200
(16:05 / Allies) Ze.Rath3isaFaig: comeing asta yback
(16:12 / Allies) Ze.Rath3isaFaig: b
(16:21 / Allies) Ze.Rath3isaFaig: rofl game over
(16:25 / Allies) Ze.Rath3isaFaig: our wyvn tech didn't work
(16:26 / Allies) Ze.Rath3isaFaig: out
(16:30 / Allies) SonOfHeaven: go
(16:37 / Allies) SonOfHeaven: kill knight
(16:41 / Allies) SonOfHeaven: with wyrm
(17:05 / Allies) Ze.Rath3isaFaig: gogog fight
(17:25 / Allies) theGIZMOstopCOM: lol
(17:28 / Allies) theGIZMOstopCOM: lust FTMFW
(17:32 / Allies) Ze.Rath3isaFaig: todl you
(17:54 / Allies) Ze.Rath3isaFaig: COME RHE PNK
(18:08 / All) aE.GatoRade.: gg
(18:12 / All) aE.GatoRade.: peixao and teal are fucking garbage
(18:28 / Allies) soGGy.WaFFle: morts on nec
(18:57 / All) Ze.Rath3isaFaig: you'll learn one day
(18:57 / All) Prometheus_: gg
(18:58 / All) Ze.Rath3isaFaig: trust me
(19:04 / All) soGGy.WaFFle: blue is really good
(19:05 / All) soGGy.WaFFle: take notes
(19:10 / All) Ze.Rath3isaFaig: i'm green fucker
(19:16 / All) aE.GatoRade.: only reason u bad kids win
(19:18 / All) aE.GatoRade.: is the fact
(19:20 / All) aE.GatoRade.: peixao
(19:22 / All) aE.GatoRade.: is fuckin ggarbage